 Dungeon Crawl Stone Soup version 0.30-a0-439-g9e77e4d916 (webtiles) character file.

Game seed: 17567860825868907024

9940 Armakuni the Basher (level 11, -5/90 HPs)
             Began as a Human Fighter on Dec 10, 2022.
             Was an Initiate of Gozag.
             Slain by an ice devil (10 damage)
             ... on level 1 of the Lair of Beasts.
             The game lasted 00:21:20 (8253 turns).

Armakuni the Basher (Human Fighter)                 Turns: 8253, Time: 00:21:20

Health: -5/90      AC: 11    Str: 20    XL:     11   Next: 83%
Magic:  11/11      EV: 15    Int: 10    God:    Gozag
Gold:   102        SH:  5    Dex: 18    Spells: 10/10 levels left

rFire   + . .      SeeInvis .    a - +0 demon whip (venom)
rCold   . . .      Faith    .    s - +0 buckler
rNeg    . . .      Spirit   .    r - +3 leather armour {rF+}
rPois   .          Reflect  .    p - +2 hat
rElec   .          Harm     .    (no cloak)
rCorr   .          Rampage  .    z - +0 pair of gloves
Will    .....                    m - +0 pair of boots
Stlth   +.........               R - amulet of regeneration
HPRegen 1.15/turn                D - +6 ring of dexterity
MPRegen 0.12/turn                (no ring)

@: gold aura
A: no striking features
a: Renounce Religion, Potion Petition, Call Merchant, Bribe Branch


You were on level 1 of the Lair of Beasts.
You worshipped Gozag.
Gozag was aware of your devotion.
You visited 3 branches of the dungeon, and saw 11 of its levels.

You collected 963 gold pieces.
You spent 363 gold pieces at shops.
You paid 498 gold pieces to Gozag.

Inventory:

Hand Weapons
 a - a +0 demon whip of venom (weapon)
Missiles
 e - 14 boomerangs (quivered)
 x - 3 boomerangs of dispersal
 F - a curare-tipped dart
Armour
 m - a +0 pair of boots (worn)
 p - a +2 hat (worn)
 r - a +3 leather armour of fire resistance (worn)
 s - a +0 buckler (worn)
 z - a +0 pair of gloves (worn)
Jewellery
 D - a +6 ring of dexterity (left hand)
 J - a ring of ice
 R - an amulet of regeneration (around neck)
Wands
 b - a wand of light (3)
 c - a wand of charming (27)
 h - a wand of digging (12)
 j - a wand of iceblast (6)
 G - a wand of flame (19)
Scrolls
 t - 5 scrolls of teleportation
 v - 3 scrolls of identify
 w - a scroll of fear
 y - 3 scrolls of blinking
 I - a scroll of magic mapping
Potions
 d - 5 potions of might
 f - 4 potions of haste
 g - 5 potions of lignification
 i - a potion of magic
 k - 2 potions of flight
 n - a potion of degeneration {unknown}
 o - 3 potions of brilliance
 q - a potion of resistance {unknown}
 u - 2 potions of curing
 A - a potion of heal wounds {unknown}
 B - a potion of mutation {unknown}
 E - a potion of invisibility
 K - a potion of cancellation {unknown}


   Skills:
 - Level 10.0 Fighting
 - Level 12.0 Maces & Flails
 + Level 7.2 Armour
 + Level 6.4 Dodging
 - Level 4.0 Shields


You had 10 spell levels left.
You didn't know any spells.
Your spell library contained the following spells:

 Spells                   Type           Power      Damage    Failure   Level
 Sting                    Tmut/Pois      0%         1d3       50%         1
 Cigotuvi's Dreadful Rot  Necr/Pois/Air  0%         N/A       65%         2
 Poisonous Vapours        Pois/Air       0%         N/A       65%         2
 Mephitic Cloud           Conj/Pois/Air  0%         N/A       86%         3
 Dispel Undead            Necr           0%         3d6       99%         4
 Olgreb's Toxic Radiance  Pois           0%         N/A       99%         4
 Death Channel            Necr           0%         N/A       100%        6


Dungeon Overview and Level Annotations

Branches:
Dungeon (9/15)             Temple (1/1) D:7            Lair (1/5) D:9
    Orc: D:9-12

Altars:
Ashenzari
Dithmenos
Elyvilon
Fedhas
Gozag
Hepliaklqana
Kikubaaqudgha
Nemelex Xobeh
Qazlal
Sif Muna
Uskayaw
Vehumet
Wu Jian
Xom
Yredelemnul
Zin

Shops:
D:4 *   D:5 *(   Lair:1 (

Portals:
Ice
Cave: Lair:1


Message History

You hit the ice devil.
The ice devil is lightly wounded.
You barely miss the ice devil.
The ice devil is lightly wounded.
The ice devil misses you.
You closely miss the ice devil.
The ice devil is lightly wounded.
You hit the ice devil.
The ice devil is poisoned.
The ice devil is lightly wounded.
The ice devil hits you! The ice devil freezes you!
You hit the ice devil.
The ice devil is moderately wounded.
You whack the ice devil!
The ice devil is heavily wounded.
The ice devil closely misses you.
You hit the ice devil but do no damage.
The ice devil is heavily wounded.
You barely miss the ice devil.
The ice devil is heavily wounded.
The ice devil hits you. The ice devil freezes you!
You hit the ice devil but do no damage.
The ice devil is heavily wounded.
You hit the ice devil but do no damage.
The ice devil is heavily wounded.
The ice devil misses you.
You hit the ice devil but do no damage.
The ice devil is heavily wounded.
The ice devil hits you!
* * * LOW HITPOINT WARNING * * *
The ice devil freezes you!!
* * * LOW HITPOINT WARNING * * *
You hit the ice devil but do no damage.
The ice devil is heavily wounded.
You closely miss the ice devil.
The ice devil is heavily wounded.
The ice devil hits you.
* * * LOW HITPOINT WARNING * * *
The ice devil freezes you!
You die...
Your body crumbles into a pile of gold.

###### ####..##..#.#.P#.######.#
##.##.###................######.#
#................................
##......#..#######..#.####..###..
#............# ###### ##.#####
#....[#..##P.# ### #.#....
#.....##.....### ...# ##......
##..#.####P##.+.##....# #..#.^..
#..##.# #####.@4...∩# ##......
##.#P.## ####.'.##....# #.##...
#.....###.#..### ...# #...##.
##...........# ### #.#.##.
.......##.#.### #.#....
###..#.P##### #...... #......#
#.#...⌠ ##...(.# #...... P.....#
###....


You could see an ice devil (very poisoned).

Vanquished Creatures
  Gastronok (D:7)
  A two-headed ogre (D:8)
  Erica (D:8)
  Amaemon (D:8)
  Pikel (D:7)
  An ugly thing (D:8)
  Joseph (D:7)
  A black mamba (shapeshifter) (D:8)
  An orange demon (D:8)
  A cane toad (Lair:1)
  An ice devil (Lair:1)
  A troll (D:8)
  Grinder (D:4)
  3 blink frogs (Lair:1)
  Eustachio (D:4)
  A wyvern (D:8)
  An acid dragon (D:9)
  4 water moccasins
  3 orc warriors (D:8)
  2 sky beasts
  2 black bears
  2 ice beasts
  A centaur (D:7)
  A phantom (D:4)
  A kobold brigand (D:7)
  2 bullfrogs
  A gnoll sergeant (D:8)
  2 scorpions (D:4)
  4 wights (D:8)
  12 killer bees
  5 howler monkeys
  4 hounds
  4 orc priests
  Jessica (D:2)
  A gnoll bouda (D:8)
  An iguana (D:7)
  11 orc wizards
  12 gnolls
  4 adders
  A shadow imp (D:5)
  3 ufetubi
  3 worms
  2 dart slugs
  21 orcs
  13 ball pythons
  4 bats
  5 endoplasms
  3 giant cockroaches
  13 goblins
  3 hobgoblins
  5 quokkas
  3 frilled lizards (D:1)
  9 kobolds
  2 rats
189 creatures vanquished.

Vanquished Creatures (collateral kills)
  A kobold (D:8)
1 creature vanquished.

Vanquished Creatures (others)
  A kobold brigand (D:7)
  A kobold (D:7)
2 creatures vanquished.

Grand Total: 192 creatures vanquished

Notes
Turn   | Place    | Note
-------+----------+-------------------------------------------
     0 | D:1      | Armakuni the Human Fighter began the quest for the Orb.
     0 | D:1      | Reached XP level 1. HP: 18/18 MP: 1/1
    84 | D:1      | Reached skill level 1 in Dodging
   166 | D:1      | Reached XP level 2. HP: 24/24 MP: 2/2
   467 | D:1      | Reached XP level 3. HP: 29/29 MP: 3/3
   981 | D:2      | Noticed Jessica
   990 | D:2      | Killed Jessica
   991 | D:2      | Reached XP level 4. HP: 24/35 MP: 4/4
  1170 | D:2      | Reached XP level 5. HP: 36/41 MP: 5/5
  1980 | D:3      | Found a stormy altar of Qazlal.
  2302 | D:4      | Noticed Grinder
  2309 | D:4      | Paralysed by something for 4 turns
  2310 | D:4      | Reached XP level 6. HP: 37/47 MP: 6/6
  2339 | D:4      | Paralysed by Grinder for 4 turns
  2356 | D:4      | Paralysed by Grinder for 4 turns
  2365 | D:4      | HP: 2/47 [Grinder/nerve-wracking pain (11)]
  2369 | D:4      | Killed Grinder
  2370 | D:4      | Reached skill level 3 in Maces & Flails
  2370 | D:4      | Reached XP level 7. HP: 9/55 MP: 7/7
  2583 | D:4      | Found Gesk's Fire Supplies.
  2635 | D:4      | Noticed Eustachio
  2697 | D:4      | Killed Eustachio
  2698 | D:4      | Reached skill level 5 in Fighting
  2698 | D:4      | Reached skill level 4 in Maces & Flails
  2792 | D:4      | Found a glowing silver altar of Zin.
  3026 | D:4      | Reached skill level 5 in Maces & Flails
  3026 | D:4      | Reached XP level 8. HP: 63/63 MP: 8/8
  3088 | D:4      | Identified the +6 short sword of Mandamus {speed, rN+
                  | Stlth+}
  3265 | D:5      | Entered Level 5 of the Dungeon
  3288 | D:5      | Found Jyaz's Weapon Shoppe.
  3908 | D:5      | Found Ciyryumu's Mass Market.
  4655 | D:6      | Reached skill level 6 in Maces & Flails
  5186 | D:6      | Reached XP level 9. HP: 39/72 MP: 9/9
  5191 | D:6      | Reached skill level 7 in Maces & Flails
  5313 | D:6      | Found a basalt altar of Yredelemnul.
  5439 | D:7      | Found a staircase to the Ecumenical Temple.
  5447 | Temple   | Entered the Ecumenical Temple
  5479 | Temple   | Became a worshipper of Gozag Ym Sagoz the Greedy
  5617 | D:7      | Noticed Joseph
  5627 | D:7      | Killed Joseph
  5636 | D:7      | Reached skill level 8 in Maces & Flails
  5639 | D:7      | Identified the +5 trident "Deqeh" {freeze, *Rage +Blink
                  | Int+4 SInv}
  6282 | D:7      | Found a radiant altar of Vehumet.
  6538 | D:8      | Noticed Gastronok
  6582 | D:7      | Reached XP level 10. HP: 73/83 MP: 10/10
  6733 | D:7      | Killed Gastronok
  6734 | D:7      | Reached skill level 10 in Fighting
  6734 | D:7      | Reached skill level 10 in Maces & Flails
  6776 | D:8      | Noticed Pikel
  6852 | D:7      | Killed Pikel
  6887 | D:8      | Noticed a two-headed ogre
  6907 | D:8      | Killed a two-headed ogre
  6908 | D:8      | Reached skill level 11 in Maces & Flails
  7229 | D:8      | Noticed an orange demon
  7229 | D:8      | Noticed Amaemon
  7239 | D:8      | Killed Amaemon
  7240 | D:8      | Reached skill level 12 in Maces & Flails
  7240 | D:8      | Reached XP level 11. HP: 80/90 MP: 11/11
  7298 | D:8      | Noticed Erica
  7308 | D:8      | Killed Erica
  7309 | D:8      | Reached skill level 5 in Armour
  7384 | D:8      | Noticed a purple ugly thing
  7386 | D:8      | Noticed an entropy weaver
  7427 | D:8      | Killed a purple ugly thing
  7428 | D:8      | Reached skill level 5 in Dodging
  7702 | D:9      | Found an ancient bone altar of Kikubaaqudgha.
  7719 | D:9      | Found a staircase to the Lair.
  7874 | Lair:1   | Entered Level 1 of the Lair of Beasts
  7963 | Lair:1   | Bought a glowing broad axe for 154 gold pieces
  7970 | Lair:1   | Bought an ancient arbalest for 209 gold pieces
  7970 | Lair:1   | Identified the +8 arbalest of Conservatism {vorpal, Fragile
                  | rCorr Int+3 SInv} (You bought it in a shop on level 1 of
                  | the Lair of Beasts)
  8223 | Lair:1   | Found a frozen archway.
  8253 | Lair:1   | Slain by an ice devil

Illustrated notes

Levels and vault maps discovered:
D:1:      lemuel_arrival_lava_pool, layout_basic
D:2:      layout_basic, uniq_jessica
D:3:      layout_basic, mainiacjoe_overflow_small_starburst,
          minmay_splitting_lines, st_stairs_2
D:4:      layout_gridville, mainiacjoe_overflow_alcove_1, nicolae_shop_fire_sale
          [nicolae_sub_dead_trees], columned_hall_lemuel, uniq_eustachio,
          uniq_grinder
D:5:      layout_gridville, serial_shops, shop, minmay_shop_mass,
          amcnicky_mini_pool_medium
D:6:      layout_loops_cross, marbit_many_paths
D:7:      layout_loops_ring, vehumet_altar_wand_db, temple_green, uniq_joseph
D:8:      minmay_slanted_spiral_squares, layout_cave_pools, uniq_erica,
          uniq_pikel, uniq_gastronok, uniq_amaemon
D:9:      erik_cavepeople, layout_loops_corners, trog_wizard,
          cheibrodos_worm_habitat, kiku_gazebo_garden_becter
Temple:   chequers_temple_sunken
Lair:1:   layout_loops_ring, portal_ice_cave_demonic_guard, grunt_megastairs_3

Skill      XL: |  1  2  3  4  5  6  7  8  9 10 11 |
---------------+----------------------------------+-----
Dodging        | 1 2 6 |  6.4
Shields        | 4 |  4.0
Armour         | 4 7 |  7.2
Fighting       | 4 5 7 9 10 | 10.0
Maces & Flails | 3 5 6 8 12 | 12.0

Action                   |  1- 3 |  4- 6 |  7- 9 | 10-12 || total
-------------------------+-------+-------+-------+-------++-------
Melee: Flail             |    78 |   119 |   368 |   118 ||   683
       Demon whip        |       |       |       |   185 ||   185
Throw: Boomerang         |       |     1 |       |       ||     1
Invok: Call Merchant     |       |       |       |     1 ||     1
Evoke: Wand              |       |       |    19 |     9 ||    28
  Use: Scroll            |     3 |     4 |     2 |     4 ||    13
       Potion            |       |     9 |       |     1 ||    10
 Stab: Distracted        |       |       |       |     1 ||     1
       Sleeping          |       |       |       |     1 ||     1
Armor: Scale mail        |    25 |    51 |    55 |       ||   131
       Skin              |       |     8 |       |       ||     8
       Leather armour    |       |       |   179 |    80 ||   259
Dodge: Dodged            |    24 |    39 |   240 |   126 ||   429
Block: Buckler           |    17 |    28 |   106 |    57 ||   208

Table legend: (Time is in decaauts)
 A = Elapsed time spent in this place.
 B = Non-inter-level travel time spent in this place.
 C = Inter-level travel time spent in this place.
 D = Time resting spent in this place.
 E = Time spent auto-exploring this place.
 F = Levels seen in this place.
 G = Mean time per level.
                   A        B        C        D        E       F      G
               +--------+--------+--------+--------+--------+-----+--------+
         Total |   8292 |   7869 |    423 |   1268 |   4344 |  11 |  753.8 |
       Dungeon |   7921 |   7519 |    402 |   1268 |   4126 |   9 |  880.1 |
        Temple |     62 |     41 |     21 |      0 |      5 |   1 |   62.0 |
          Lair |    309 |    309 |      0 |      0 |    212 |   1 |  309.0 |
               +--------+--------+--------+--------+--------+-----+--------+

Top non-repeatable levels by time:
     D:7: 1416 daAuts
     D:5: 1132 daAuts
     D:4: 1058 daAuts
     D:6: 1026 daAuts
     D:8: 806 daAuts
     D:2: 802 daAuts
     D:3: 755 daAuts
     D:1: 722 daAuts
  Lair:1: 309 daAuts
     D:9: 201 daAuts
  Temple: 62 daAuts
